 Dungeon Crawl Stone Soup version 0.14-a0-2910-g8a9724b (webtiles) character file.

54804 Psiweapon the Unseen (level 15, 0/72 HPs)
             Began as a Kobold Enchanter on Mar 2, 2014.
             Was a High Priest of Dithmenos.
             Killed by divine providence
             ... invoked by an orc high priest
              (8 damage)
             ... while paralysed by an orc sorcerer
             ... on Level 4 of the Orcish Mines.
             The game lasted 03:59:26 (29124 turns).

Psiweapon the Unseen (Kobold Enchanter)            Turns: 29124, Time: 03:59:26

HP   0/72        AC 13     Str 11      XL: 15   Next: 10%
MP   0/31        EV  3     Int 17      God: Dithmenos [*****.]
Gold 1353        SH  0     Dex 15      Spells:  8 memorised,  7 levels left

rFire  . . .     SeeInvis .     a - +4 dagger (speed)
rCold  . . .     Clarity  .     q - +3 mottled dragon armour
rNeg   . . .     Conserve .     (no shield)
rPois  .         rCorr    .     j - +1 elf hat
rElec  .         rRot     .     n - +0 elf cloak
SustAb . .       Spirit   +     (no gloves)
rMut   .         Warding  .     W - +0 pair of boots
Saprov + + .     Stasis   .     r - amulet of guardian spirit
MR     +....                    K - ring of wizardry
                                L - +0,+8 ring of slaying

@: paralysed, about to teleport, invisible, very slightly contaminated, wreathed
by umbra, somewhat resistant to hostile enchantments, uncannily stealthy
A: disease resistance, carnivore 3, saprovore 2
a: Shadow Step, Shadow Form, Renounce Religion


You were on level 4 of the Orcish Mines.
You worshipped Dithmenos.
Dithmenos was extremely pleased with you.
You were very full.

You visited 4 branches of the dungeon, and saw 26 of its levels.
You also visited: Ossuary.

You collected 1686 gold pieces.
You spent 333 gold pieces at shops.

Inventory:

Hand weapons
 a - a +4,+4 dagger of speed (weapon)
 b - a +2,+3 crossbow
 c - a +0 blowgun
 i - a +2,+0 dagger of holy wrath
 y - a cursed -1,+0 dagger
Missiles
 g - 9 poisoned bolts
 o - 7 curare-tipped needles
 D - 16 bolts of penetration
 I - 44 bolts
 R - 10 silver bolts
Armour
 j - a +1 elven hat (worn)
 n - a +0 elven cloak (worn)
 q - a +3 mottled dragon armour (worn)
 W - a +0 pair of boots (worn)
Magical devices
 h - a wand of cold (11) {unknown}
 u - a wand of lightning (2)
 J - a wand of frost (3)
 S - a wand of disintegration (9)
 T - a wand of draining (8)
 Y - a wand of disintegration (11)
Comestibles
 f - 10 meat rations
 F - a rotting chunk of orc flesh
Scrolls
 k - 3 scrolls of fog
 z - 3 scrolls of teleportation
 C - 6 scrolls of remove curse
Jewellery
 p - an uncursed ring of sustain abilities
 r - an amulet of guardian spirit (around neck)
 t - an uncursed amulet of warding
 w - an uncursed ring of teleportation
 B - an uncursed ring of magical power
 E - an uncursed ring of protection from cold
 G - an uncursed ring of protection from fire
 K - a ring of wizardry (right hand)
 L - a +0,+8 ring of slaying (left hand)
Potions
 d - 3 potions of might
 e - 2 potions of speed
 l - 5 potions of curing
 m - 2 potions of resistance
 s - 2 potions of agility
 v - a potion of brilliance
Miscellaneous
 x - a phial of floods


   Skills:
 + Level 0.0 Fighting
 - Level 9.0 Short Blades
 - Level 11.8 Crossbows
 - Level 1.3 Throwing
 - Level 4.6 Armour
 - Level 5.3 Dodging
 - Level 17.8 Stealth
 - Level 8.2 Spellcasting
 - Level 13.7 Hexes
 - Level 2.6 Translocations
 - Level 2.0 Ice Magic
 + Level 0.0 Invocations


You had 7 spell levels left.
You knew the following spells:

 Your Spells              Type           Power        Failure   Level  Hunger
a - Apportation           Tloc           ###.......   1%          1    None
b - Blink                 Tloc           N/A          2%          2    None
c - Confuse               Hex            ######..     1%          3    #......
d - Summon Guardian Gole  Hex/Summ       ####....     4%          4    ###....
e - Ensorcelled Hibernat  Hex/Ice        ####..       1%          2    None
p - Passwall              Trmt/Erth      #.........   12%         3    #......
s - Sure Blade            Hex/Chrm       ####......   1%          2    None
I - Invisibility          Hex            ######..     3%          6    ######.


Dungeon Overview and Level Annotations

Branches:
Dungeon (13/16)            Temple (1/1) D:5             Orc (4/4) D:9
    Elf (0/3) Orc:4          Lair (8/8) D:8          Shoals (0/5) Lair:5
 Spider (0/5) Lair:4        Slime (0/6) Lair:6

Altars:
Ashenzari
Cheibriados
Dithmenos
Elyvilon
Kikubaaqudgha
Makhleb
Nemelex Xobeh
Okawaru
Sif Muna
Trog
Vehumet
Xom
Yredelemnul
Zin
The Shining One
Beogh
Jiyva

Shops:
D:4 *   D:5 %   D:7 }   D:8 *   D:12 [*?   Orc:4 =%

Portals:
Trove: D:10 (show abyssal rune of Zot)

Annotations:
D:5 Sigmund
D:6 exclusion: upstairs, Natasha
D:8 1 exclusion
D:10 BRAIN WORMS!!!
Lair:3 2 exclusions
Lair:7 exclusion: electric eel
Lair:8 exclusion: door


Innate Abilities, Weirdness & Mutations

You recuperate from illness quickly.
You are small and have problems with some larger weapons.
You are carnivorous and can eat meat at any time.
You can eat rotten meat.


Message History

The orc sorcerer gestures wildly while chanting.
The orc sorcerer hits you with a dagger.
The orc high priest utters an invocation to Beogh.
The orc sorcerer casts a spell.
The orc sorcerer hits you but does no damage.
The orc high priest hits you but does no damage.
The orc high priest prays to Beogh.
The orc knight hits you with a glowing long sword!
* * * LOW HITPOINT WARNING * * *
The orc knight barely misses you.
The chaos spawn gores you but does no damage.
An orc priest and an orc wizard come into view.
The red devil disappears in a puff of smoke!
The orc sorcerer completely misses you.
The orc priest invokes the aid of Beogh against you.
Something smites you!
* * * LOW HITPOINT WARNING * * *
The orc high priest invokes the aid of Beogh against you.
Something smites you!
You die...

...# *#...####.####...#*
...#**,,*****#.#####*,,**
...#*,,***,.,#.#.o.#**,,*
<..#*,**,,...#.#...o,**,*
...#*,*,,....#.#.o.,, *,*
...#*,,,,##.oo..4.##,,,,*
...#**,,*#43o4.o...##,,**
...# *,,#..3o4.ooo..#..#
...# *,,o..o.o4o@3o....#
...# *,,##oo...oooo##..#
...# * ,,.##.§.3o##.o.**
...# **∩...##.##.,,∩##
...# **#∩,,..,,.∩**# ...#
***###**##*
.#.################
##..<...........#.####
##.............#...).###


You could see 4 orc knights, an ice devil, 3 orc high priests, a sun demon, 2
hellwings, 2 iron devils, a blue devil, a ynoxinul, a chaos spawn, 4 orc
sorcerers, 6 orc warriors, 4 orc priests, 2 orc wizards and an orc (wandering).

Vanquished Creatures
  Snorg (Orc:3)
  Fannar (Lair:5)
  Harold (D:8)
  Josephine (Orc:3)
  4 hydras
  Nessos (Orc:3)
  2 orc high priests
  5 hill giants
  A wizard (Lair:8)
  18 elephants
  5 griffons
  Maurice (D:12)
  8 black mambas
  8 spiny frogs
  A centaur zombie (D:12)
  A mermaid (Lair:5)
  5 fire drakes
  5 komodo dragons
  2 polar bears
  A two-headed ogre (D:11)
  A boulder beetle (Lair:8)
  19 blink frogs
  5 trolls
  A brown ooze (D:8)
  5 ugly things
  A wyvern (D:10)
  2 elephant slugs (Lair:8)
  31 yaks
  A hungry ghost (D:9)
  A steam dragon (D:11)
  A wraith (D:12)
  A naga (D:8)
  13 hippogriffs
  A mottled dragon (D:12)
  13 wolves
  A human skeleton (D:12)
  7 porcupines
  23 orc warriors
  2 sky beasts (D:9)
  7 ogres
  3 ice beasts
  14 centaurs
  2 lava worms (Lair:3)
  A big kobold (D:12)
  7 giant slugs
  A brain worm (D:10)
  10 crocodiles
  14 water moccasins
  12 giant frogs
  A yak zombie (D:12)
  An electric eel (Lair:7)
  A hippogriff zombie (D:8)
  A goliath beetle (D:8)
  8 crimson imps
  29 orc priests
  A gnoll shaman (D:7)
  A human zombie (Ossuary)
  4 jellies
  10 hounds
  4 worker ants
  2 giant frog skeletons
  26 orc wizards
  6 iguanas
  2 scorpions
  A big kobold zombie (D:10)
  A centaur simulacrum (D:9)
  7 sheep (Lair:8)
  2 mummies
  2 orc zombies
  3 gnolls (D:7)
  34 green rats
  22 adders
  An orc skeleton (Orc:3)
  3 giant mites
  A white imp (D:9)
  3 worms
  An iguana skeleton (D:9)
  A giant eyeball (D:11)
  5 giant geckos
  191 orcs
  8 giant cockroaches
  20 goblins
  21 hobgoblins
  11 jackals
  13 kobolds
  18 quokkas
  20 bats
  6 giant newts
  A goblin simulacrum (Orc:3)
  A goblin skeleton (D:4)
  2 goblin zombies
  2 kobold skeletons
  3 kobold zombies (Ossuary)
  3 orc simulacra
  28 rats
  A rat zombie (Ossuary)
805 creatures vanquished.

Vanquished Creatures (others)
  A kobold (D:12)
  6 plants
7 creatures vanquished.

Grand Total: 812 creatures vanquished

Notes
Turn   | Place    | Note
--------------------------------------------------------------
     0 | D:1      | Psiweapon, the Kobold Enchanter, began the quest for the Orb.
     0 | D:1      | Reached XP level 1. HP: 10/10 MP: 3/3
   698 | D:1      | Reached XP level 2. HP: 7/15 MP: 4/4
   953 | D:1      | Learned a level 2 spell: Ensorcelled Hibernation
  1696 | D:1      | Reached XP level 3. HP: 19/19 MP: 0/6
  2423 | D:2      | Noticed a moth of wrath
  2425 | D:2      | Found a bloodstained altar of Trog.
  2602 | D:2      | Reached skill level 4 in Stealth
  3438 | D:2      | Reached XP level 4. HP: 21/24 MP: 2/7
  3765 | D:3      | Learned a level 4 spell: Enslavement
  3786 | D:3      | Learned a level 3 spell: Confuse
  3865 | D:3      | Reached skill level 5 in Stealth
  3882 | D:3      | Noticed a giant frog
  3899 | D:3      | Killed a giant frog
  3899 | D:3      | Reached XP level 5. HP: 28/28 MP: 9/9
  3936 | D:3      | Learned a level 2 spell: Sure Blade
  4686 | D:4      | Found a sand-covered staircase.
  4696 | Ossuary  | Entered an ossuary
  4787 | Ossuary  | Reached skill level 6 in Stealth
  4787 | Ossuary  | Reached skill level 5 in Hexes
  4787 | Ossuary  | Reached XP level 6. HP: 17/32 MP: 0/10
  5510 | D:4      | Found Yxaf's Elemental Accessories.
  5582 | D:5      | Entered Level 5 of the Dungeon
  5748 | D:5      | Found Crysahopil's Food Boutique.
  5803 | D:5      | Found a staircase to the Ecumenical Temple.
  5932 | D:5      | Reached skill level 1 in Ice Magic
  5985 | D:5      | Reached skill level 7 in Stealth
  5985 | D:5      | Reached XP level 7. HP: 36/36 MP: 12/12
  6025 | D:5      | Noticed Sigmund
  6180 | Temple   | Entered the Ecumenical Temple
  6214 | Temple   | Became a worshipper of Dithmenos
  6449 | D:6      | Found a white marble altar of Elyvilon.
  6482 | D:6      | Learned a level 2 spell: Blink
  6800 | D:6      | Reached skill level 1 in Translocations
  6884 | D:6      | Reached skill level 8 in Stealth
  6895 | D:6      | Reached XP level 8. HP: 41/41 MP: 13/13
  6975 | D:6      | Noticed Natasha
  7316 | D:7      | Found Aracw's Gadget Boutique.
  7800 | D:8      | Found Ruxkaufa's Assorted Antiques.
  7840 | D:8      | Found a staircase to the Lair.
  7846 | D:8      | Noticed a komodo dragon
  7875 | D:8      | Reached skill level 5 in Short Blades
  7918 | D:8      | Bought a jewelled ivory wand for 92 gold pieces
  7918 | D:8      | Bought an ivory wand for 92 gold pieces
  7918 | D:8      | Bought a scroll labeled FUFATAE DILIFE for 23 gold pieces
  7918 | D:8      | Bought a scroll labeled MARINL TWUI for 23 gold pieces
  7918 | D:8      | Bought a scroll labeled FUFATAE DILIFE for 23 gold pieces
  8018 | D:8      | Reached skill level 9 in Stealth
  8663 | D:9      | Learned a level 1 spell: Apportation
  8746 | D:9      | Noticed a polar bear
  8748 | D:9      | Reached XP level 9. HP: 45/45 MP: 16/16
  9527 | D:9      | Noticed a merfolk
  9582 | D:8      | Found a glowing silver altar of Zin.
  9582 | D:8      | Found an ancient bone altar of Kikubaaqudgha.
  9582 | D:8      | Found a shattered altar of Ashenzari.
  9582 | D:8      | Found a radiant altar of Vehumet.
  9757 | D:8      | Killed a komodo dragon
  9775 | Lair:1   | Entered Level 1 of the Lair of Beasts
  9785 | Lair:1   | Noticed Harold
 10078 | D:9      | Noticed a polar bear
 10086 | D:9      | Reached skill level 5 in Spellcasting
 10116 | D:9      | Noticed a troll
 10116 | D:10     | Entered Level 10 of the Dungeon
 10500 | D:9      | Found a staircase to the Orcish Mines.
 10898 | D:9      | Killed a polar bear
 10898 | D:9      | Reached XP level 10. HP: 50/50 MP: 23/23
 10945 | D:9      | Reached skill level 1 in Armour
 10988 | D:9      | Killed a troll
 11621 | D:10     | Noticed a hill giant
 11894 | D:12     | Noticed a hill giant
 11935 | D:12     | Acquired Dithmenos' first power
 12054 | D:12     | Found Rujoc's General Store.
 12288 | D:12     | Found Tikerax's Magic Scroll Emporium.
 12300 | D:13     | Noticed a centaur warrior
 12745 | D:11     | Reached XP level 11. HP: 54/54 MP: 27/27
 13115 | D:11     | Noticed a hill giant
 13411 | D:9      | Reached skill level 10 in Hexes
 13570 | D:9      | Learned a level 6 spell: Invisibility
 13877 | D:8      | HP: 2/54 [yak (3)]
 13887 | D:8      | Killed Harold
 13890 | D:8      | Reached skill level 11 in Hexes
 14831 | Lair:2   | Noticed a griffon
 14841 | Lair:2   | Acquired Dithmenos' second power
 14968 | Lair:2   | Reached skill level 12 in Hexes
 14998 | Lair:2   | Reached XP level 12. HP: 59/59 MP: 28/28
 15110 | Lair:2   | Learned a level 3 spell: Passwall
 15409 | Lair:2   | Killed a griffon
 15677 | D:10     | Reached skill level 13 in Hexes
 15702 | D:10     | Found a portal to a secret trove of treasure.
 15893 | D:11     | Killed a hill giant
 16097 | D:12     | Killed a hill giant
 16191 | D:10     | Killed a hill giant
 17173 | Lair:3   | Reached skill level 10 in Stealth
 17415 | Lair:3   | Acquired Dithmenos' third power
 17653 | Lair:3   | Reached XP level 13. HP: 63/63 MP: 25/29
 18372 | D:12     | Found Sting's Antique Armour Shop.
 18391 | D:12     | Reached skill level 1 in Crossbows
 18426 | D:12     | Noticed a hill giant
 18431 | D:12     | Killed a hill giant
 18473 | D:12     | Noticed a hill giant
 18481 | D:12     | Killed a hill giant
 18521 | D:12     | Noticed Maurice
 18545 | D:12     | Killed Maurice
 18711 | D:11     | Paralysed by a giant eyeball for 4 turns
 19635 | Lair:4   | Reached skill level 5 in Crossbows
 20068 | Lair:4   | Found a hole to the Spider Nest.
 20459 | Lair:5   | Found a staircase to the Shoals.
 20617 | Lair:5   | Reached skill level 14 in Stealth
 20758 | Lair:5   | Noticed Fannar
 20766 | Lair:5   | Killed Fannar
 21309 | Lair:6   | Found a staircase to the Slime Pits.
 21309 | Lair:6   | Found a viscous altar of Jiyva.
 21561 | Lair:6   | Reached XP level 14. HP: 64/68 MP: 22/30
 22303 | Lair:7   | Found a frozen archway.
 22304 | Lair:7   | Reached skill level 15 in Stealth
 23189 | Lair:7   | Reached skill level 10 in Crossbows
 23366 | Lair:7   | Reached skill level 16 in Stealth
 23770 | Lair:8   | Entered Level 8 of the Lair of Beasts
 24692 | Lair:8   | Learned a level 4 spell: Summon Guardian Golem
 24866 | Lair:8   | Reached skill level 17 in Stealth
 25770 | Orc:1    | Entered Level 1 of the Orcish Mines
 25956 | Orc:1    | Found a roughly hewn altar of Beogh.
 26124 | Orc:1    | Acquired Dithmenos' fourth power
 27015 | Orc:2    | Found a roughly hewn altar of Beogh.
 27122 | Orc:3    | Found a deep blue altar of Sif Muna.
 27190 | Orc:3    | Noticed Josephine
 27194 | Orc:3    | Killed Josephine
 27224 | Orc:3    | Noticed Nessos
 27225 | Orc:3    | Noticed Snorg
 27228 | Orc:3    | Killed Nessos
 27230 | Orc:3    | Killed Snorg
 27589 | Orc:3    | Reached XP level 15. HP: 72/72 MP: 25/31
 27751 | Orc:3    | Found a roughly hewn altar of Beogh.
 28403 | Orc:4    | Entered Level 4 of the Orcish Mines
 28534 | D:8      | Bought a scroll of magic mapping for 80 gold pieces
 28629 | Orc:4    | Found a staircase to the Elven Halls.
 28642 | Orc:4    | Reached skill level 5 in Dodging
 29120 | Orc:4    | Found Mnaefaur's Food Emporium.
 29120 | Orc:4    | Found Offiwuarch's Jewellery Boutique.
 29121 | Orc:4    | Paralysed by an orc sorcerer for 4 turns
 29124 | Orc:4    | Killed from afar by an orc high priest

Action                   |  1- 3 |  4- 6 |  7- 9 | 10-12 | 13-15 || total
-------------------------+-------+-------+-------+-------+-------++-------
Melee: Dagger            |   173 |   291 |   360 |   457 |   559 ||  1840
 Fire: Crossbow          |       |       |       |    10 |   107 ||   117
       Blowgun           |       |       |       |       |     3 ||     3
Throw: Dart              |     5 |     2 |     6 |       |       ||    13
 Cast: Corona            |     6 |       |       |       |       ||     6
       Ensorcelled Hiber |    13 |    32 |    50 |   114 |   110 ||   319
       Confuse           |       |    17 |    46 |    34 |     8 ||   105
       Sure Blade        |       |     3 |    10 |     7 |     5 ||    25
       Blink             |       |       |    22 |    25 |     7 ||    54
       Invisibility      |       |       |       |     6 |    23 ||    29
       Summon Guardian G |       |       |       |       |     3 ||     3
Invok: Shadow Step       |       |       |       |     1 |     5 ||     6
 Abil: Evoke Teleportati |     1 |     2 |     5 |     2 |       ||    10
Evoke: Wand              |       |     8 |     9 |    11 |     7 ||    35
  Use: Scroll            |       |    10 |    18 |    11 |    15 ||    54
       Potion            |       |     1 |     2 |     3 |     1 ||     7
 Stab: Sleeping          |    12 |    32 |    56 |   131 |   254 ||   485
       Confused          |       |     5 |    11 |    13 |     2 ||    31
       Invisible         |       |       |       |    10 |    25 ||    35
       Distracted        |       |       |       |     1 |     5 ||     6
